[Event "LV Capablanca Memorial Premier 2022"]
[Site "La Habana"]
[Date "2022.04.27"]
[Round "8.4"]
[White "Cori Tello, Deysi"]
[Black "Arribas Robaina, Maritza"]
[Result "0-1"]
[ECO "E60"]
[WhiteElo "2391"]
[BlackElo "2204"]
[Annotator "TA"]
[PlyCount "51"]
[EventDate "2022.04.20"]
[EventType "tourn"]
[EventCountry "CUB"]
[SourceTitle "playchess.com"]
[Source "ChessBase"]
[SourceQuality "1"]
[TimeControl "40/5400+30:1800+30"]

1. Nf3 Nf6 2. d4 g6 3. g3 Bg7 4. Bg2 O-O 5. O-O d6 6. b3 Nbd7 7. Bb2 e5 8. dxe5 Ng4 9. c4 dxe5 10. h3 Nh6 11. e4 f6 {[%emt 0:13:41] E60: King's Indian: Unusual lines and Fianchetto Variation without Nc3.} 12. Qc2 Re8 13. c5 c6 {[%emt 0:00:09] White has an edge.} 14. Nbd2 Qe7 15. b4 Nf8 16. Nc4 {[%emt 0:00:18] [#]} Nf7 $146 {[%emt 0:10:05] Prevents Nd6.} ({Predecessor:} 16... Be6 17. Nfd2 Nf7 18. f4 Qd7 19. f5 gxf5 20. exf5 Bd5 21. Ne4 Bxe4 22. Bxe4 Red8 {1-0 (44) Jansa,V (2482)-Kaminik,A (2226) Arvier 2006}) 17. Rfd1 Be6 18. a4 Rad8 19. Kh2 Rxd1 20. Rxd1 Rd8 21. Re1 Nh6 22. Ncd2 Re8 23. Nc4 Rd8 24. Ncd2 Re8 25. Nc4 Nf7 (25... Rd8 $11) 26. Ba3 {[%emt 0:06:46][%mdl 32768] Weighted Error Value: White=0.16 (very precise) /Black=0.10 (very precise) . Loss on time!?} 0-1

[Event "LV Capablanca Memorial Premier 2022"]
[Site "La Habana"]
[Date "2022.04.27"]
[Round "8.5"]
[White "Miranda Llanes, Yerisbel"]
[Black "Lujan, Carolina"]
[Result "1-0"]
[ECO "D85"]
[WhiteElo "2261"]
[BlackElo "2334"]
[Annotator "TA"]
[PlyCount "73"]
[EventDate "2022.04.20"]
[EventType "tourn"]
[EventCountry "CUB"]
[SourceTitle "playchess.com"]
[Source "ChessBase"]
[SourceQuality "1"]
[TimeControl "40/5400+30:1800+30"]

1. d4 Nf6 2. c4 g6 3. Nc3 d5 4. cxd5 Nxd5 5. e4 Nxc3 6. bxc3 Bg7 7. Nf3 c5 8. Bb5+ Bd7 9. Be2 Bg4 {[%emt 0:00:09] D85: Exchange Grünfeld: Unusual White 7th moves and lines with 7 Nf3.} 10. O-O cxd4 11. cxd4 Nc6 {[%emt 0:03:36] The position is equal.} 12. Rb1 Bxf3 13. Bxf3 {[%emt 0:00:08] And now d5 would win.} Nxd4 14. Rxb7 {[%emt 0:02:06] Hoping for Qa4+.} O-O 15. Bg4 {[%emt 0:15:19] [#]} e6 $146 ({Predecessor:} 15... Qa5 16. Rd7 e5 17. Qd2 Qa4 18. Rd5 h5 19. Bd1 Qc4 20. Ba3 Rfd8 21. Rxd8+ Rxd8 22. Qa5 Rd7 23. Qa4 Ne2+ {0-1 (23) Novak,I (1782)-Luijpen,M (2060) Bol 2010}) 16. Ba3 Re8 17. Qa4 h5 18. Bd1 a6 (18... Qc8 $5 19. Qd7 (19. Rxa7 Rxa7 20. Qxa7 Qc6 $15) 19... Qxd7 20. Rxd7 Red8 21. Rxd8+ Rxd8 $11) 19. Bb2 {[%emt 0:07:34] [#] Threatens to win with Rd7.} (19. Rd7 $5 Qb6 20. g4 $11) 19... Qc8 20. Rb4 Nb5 21. Bxg7 Kxg7 22. Bb3 (22. Qb3 $11 {might be stronger.}) 22... Nc3 $15 23. Qa5 Ne2+ $1 24. Kh1 e5 ({Black should play} 24... Qc3 $17) 25. Rc4 Qg4 {[%emt 0:00:30][%mdl 8192] [#]} (25... Qd8 $11 26. Qxd8 (26. Rc7 Ra7 $11) 26... Raxd8) 26. Bd1 $1 $18 {Black must now prevent h3.} Rad8 27. Qe1 ({Inferior is} 27. Qxa6 Rxd1 28. Rxd1 {[#]} Ng3+ $1 29. hxg3 Qxd1+ 30. Kh2 Rb8 $17) 27... Rxd1 28. Qxd1 Nf4 29. Qxg4 hxg4 {[%emt 0:00:30][%mdl 4096] Endgame KRR-KRN} 30. Rc6 Rd8 31. a4 a5 (31... Rd2 {was worth a try.} 32. Rxa6 Ne6) 32. Rc5 Kf6 33. Rb5 Ne2 (33... Rd2 {keeps fighting.} 34. Rxa5 Ra2) 34. Rc5 Nf4 $1 35. g3 Ne6 (35... Nh3 {was called for.} 36. Rxa5 Rd2) 36. Rc6 (36. Rxa5 $142 Ng5 37. Rb5) 36... Kg5 37. h4+ $2 {[%emt 0:41:21] Weighted Error Value: White=0.45/Black=0.46} (37. Ra6 $18 {and White stays clearly on top.}) 1-0

[Event "LV Capablanca Memorial Premier 2022"]
[Site "La Habana"]
[Date "2022.04.28"]
[Round "9.2"]
[White "Arribas Robaina, Maritza"]
[Black "Miranda Llanes, Yerisbel"]
[Result "0-1"]
[ECO "C78"]
[WhiteElo "2204"]
[BlackElo "2261"]
[Annotator "TA"]
[PlyCount "68"]
[EventDate "2022.04.20"]
[EventType "tourn"]
[EventCountry "CUB"]
[SourceTitle "playchess.com"]
[Source "ChessBase"]
[SourceQuality "1"]
[TimeControl "40/5400+30:1800+30"]

1. e4 e5 2. Nf3 Nc6 3. Bb5 a6 4. Ba4 Nf6 5. O-O b5 6. Bb3 Bc5 7. c3 d6 8. d4 Bb6 9. h3 (9. a4 $14) 9... Bb7 $11 {[%emt 0:04:56] C78: Ruy Lopez: Archangelsk and Möller Defences.} 10. Bg5 h6 11. Bxf6 Qxf6 {[%emt 0:00:07] The position is equal.} 12. dxe5 (12. Bd5 $11) 12... Nxe5 $15 13. Nxe5 dxe5 14. Qe2 {[%emt 0:02:29] [#]} Rd8 $146 ({Predecessor:} 14... O-O 15. Nd2 Rad8 16. Kh1 Qf4 17. Rad1 Rd6 18. f3 Be3 19. Nb1 Rg6 20. Rd3 Bc5 {0-1 (46) Pantaleoni,C (2235)-Samaritani,F (2220) Bratto 1997}) 15. a4 O-O 16. axb5 axb5 {[%emt 0:00:05] White must now prevent ...Qf4.} 17. Na3 Qf4 {[%emt 0:04:39] Strongly threatening ...Rd2.} 18. Bc2 $2 (18. Rfd1 $15) 18... Rd6 $2 (18... Rd2 $2 19. Qf3 $19) (18... f5 $19 19. Rad1 fxe4 20. Rxd8 Rxd8 21. Qxb5 e3 22. Qc4+ Kf8 23. Qxf4+ (23. fxe3 Bxe3+ 24. Kh1 Bxg2+ 25. Kxg2 Rd2+) 23... exf4) 19. Rad1 $17 Rg6 {[%emt 0:05:04] Hoping for ...Qg3. 0x0.00190eb48959dp-1022s more active pieces.} 20. Kh1 Qh4 ({And not} 20... Qg5 21. f4 exf4 22. Nxb5) 21. Nxb5 {[%emt 0:08:49] [#]} f5 $1 $40 {[%emt 0:07:20][%cal Rf5e4,Bf7f5,Bf5f4][%mdl 160] Black is out for blood.} ({Don't play} 21... Qg5 $6 22. g3 $11) 22. f3 {[%emt 0:09:37] [#]} (22. f4 $17 exf4 23. Nd4) 22... f4 $1 $19 23. Nxc7 {[%emt 0:07:21] aiming for Nd5.} Bc8 ({Avoid the trap} 23... Bxc7 $2 24. Qc4+ Kh7 25. Qxc7 Rxg2 26. Kxg2 $19) 24. Bb3+ Kh7 25. Ne6 Bxe6 26. Bxe6 Rxe6 27. Qe1 Qh5 28. Rd5 Rg6 {[%emt 0:00:55] Threatens to win with ...Be3.} 29. c4 $2 (29. Qe2) 29... Be3 30. Qe2 Rg3 31. Rfd1 Rf6 {[%emt 0:00:43] ( -> ...Rfg6)} 32. Rd6 Rxd6 {[%emt 0:00:35] Black mates.} 33. Rxd6 {[%emt 0:00:05] [#]} Rxh3+ $1 34. gxh3 Qxh3+ {[%emt 0:00:23] Weighted Error Value: White=0.92/Black=0.20 (precise)} 0-1

[Event "LV Capablanca Memorial Premier 2022"]
[Site "La Habana"]
[Date "2022.04.28"]
[Round "9.3"]
[White "Ordaz Valdes, Lisandra Teresa"]
[Black "Cori Tello, Deysi"]
[Result "1-0"]
[ECO "B07"]
[WhiteElo "2371"]
[BlackElo "2391"]
[Annotator "TA"]
[PlyCount "95"]
[EventDate "2022.04.20"]
[EventType "tourn"]
[EventCountry "CUB"]
[SourceTitle "playchess.com"]
[Source "ChessBase"]
[SourceQuality "1"]
[TimeControl "40/5400+30:1800+30"]

1. d4 g6 2. g3 Bg7 3. Bg2 d6 4. e4 Nf6 5. Ne2 O-O 6. O-O c6 7. h3 e5 8. Nbc3 Nbd7 9. Be3 Re8 10. f4 {[%emt 0:08:40] B07: Pirc Defence: Miscellaneous Systems.} exd4 11. Bxd4 Qe7 12. g4 {[%emt 0:10:36] White has an edge.} Nc5 13. Ng3 h6 ({Black should try} 13... Ne6 $14) 14. Qd2 {[%emt 0:03:55] [#]} (14. Bxc5 $16 dxc5 15. e5) 14... Ne6 $146 ({Predecessor:} 14... Be6 15. Rad1 Rad8 16. Qf2 Bc4 17. Rfe1 Ne6 18. Be3 Nd7 19. Qd2 Ndc5 20. Qf2 a5 {1-0 (48) Narmontas,M (2315)-Zickus,S (2257) Panevezys 2007}) 15. Bf2 Nh7 (15... b6 $14) 16. Rad1 $1 $16 Rd8 17. Rfe1 Bf6 {[%emt 0:01:30] [#]} 18. f5 ({White should play} 18. Nd5 $1 $18 cxd5 19. exd5) 18... Nef8 19. Be3 {[%emt 0:03:32] White is more active.} (19. Qxh6 $2 Bg5 20. f6 Qxf6 $19) (19. Nf1 $142) 19... Be5 20. Nce2 g5 21. Nh5 $1 Nd7 22. Bd4 (22. Nc1 $1 $16) 22... Nhf6 23. Nxf6+ Qxf6 24. c3 Qe7 (24... b6 $11) 25. Bf3 (25. h4 $16) 25... b6 $11 26. h4 Bb7 (26... gxh4 $2 27. Qxh6 f6 28. Kf2 $18 (28. Qxh4 Qh7 $18)) 27. hxg5 hxg5 28. Be3 f6 29. Kf2 Kf7 (29... c5 $15) 30. Rh1 {[%emt 0:00:13] Threatens to win with Rh7+.} Rh8 {[%emt 0:00:01] Against Rh7+} 31. Nd4 Rag8 32. Qd3 Nc5 33. Qc2 d5 $1 34. exd5 cxd5 (34... Bg3+ $2 35. Kxg3 Qxe3 36. dxc6 $18 (36. Rde1 Qf4+ 37. Kg2 cxd5 $14)) 35. b4 $36 {[%emt 0:00:05][%mdl 2048] White is pushing.} Nd7 (35... Bg3+ $2 36. Kxg3 Qd6+ 37. Kg2 $18) (35... Bxd4 $11 36. cxd4 (36. Bxd4 Ne4+ 37. Kg2 Rh4 $11) 36... Ne4+ 37. Bxe4 dxe4) 36. Qb3 $1 $16 Bg3+ (36... Bxd4 $16 37. Bxd5+ (37. cxd4 Kg7 $16) 37... Kg7 38. cxd4 (38. Bxd4 Re8 $14) 38... Bxd5 39. Qxd5 Re8) 37. Kxg3 $18 (37. Kg2 $2 Qxe3 38. Kxg3 Ne5 $19) 37... Qxe3 38. Kg2 $2 (38. Rde1 $18 Qf4+ 39. Kg2) 38... Ne5 (38... Rxh1 $1 $14 39. Rxh1 (39. Bxd5+ Kf8 $11) 39... Qd2+ 40. Kf1 Re8) 39. Bxd5+ Kg7 $2 {[%emt 0:00:29][%mdl 8192] Loses the game.} (39... Kf8 $16 40. Bxb7 Rxh1 41. Rxh1 (41. Ne6+ Ke7 $11) 41... Qd2+ 42. Kf1 Nxg4) 40. Bxb7 Rxh1 41. Rxh1 {[%emt 0:03:53] White threatens Ne6+ and mate. Chess con chili.} (41. Ne6+ Kf7 42. Nd4+ (42. Kxh1 Rh8+ 43. Kg2 Rh2+ 44. Kxh2 Nxg4+ 45. Kg2 Qf2+ 46. Kh3 Qh4+ 47. Kg2 Qf2+ 48. Kh3 Qh4+ 49. Kg2 Qf2+ $11) (42. Rxh1 Qe2+ 43. Kg3 Qe3+ 44. Kg2 Qe2+ 45. Kg3 Qe3+ 46. Kg2 $11) (42. Nd8+ Kf8 $11) 42... Kf8 43. Rxh1 (43. Ne6+ Ke7 $11) 43... Qd2+ 44. Kf1 Nxg4 $16) 41... Qd2+ 42. Kf1 {[%emt 0:00:30][%cal Bg2f1,Bf1e1,Be1d1,Bd1c2,Bc2c1,Bc1b1][%mdl 32] Threatening mate with Ne6+. White is clearly winning.} Qd3+ {[%emt 0:06:46] [#]} (42... Re8 $142) 43. Ke1 $1 Qe3+ {[%emt 0:00:30] [#]} 44. Kd1 $1 Rd8 45. Kc2 {Ne6+ would kill now.} ({Inferior is} 45. Bd5 Rxd5 46. Qxd5 Qd3+ 47. Ke1 Qg3+ 48. Ke2 Qd3+ 49. Kf2 Qd2+ 50. Kg1 Qe1+ 51. Kg2 Qd2+ 52. Kh3 Qd3+ 53. Kg2 Qd2+ 54. Kh3 Qd3+ 55. Kg2 Qd2+ $11) 45... Qd3+ 46. Kc1 {[%emt 0:01:00] Strongly threatening Ne6+.} ({Weaker is} 46. Kb2 Nc4+ 47. Qxc4 (47. Ka1 Rxd4 48. Ba6 Rxg4 $17) 47... Qxc4 48. Ne6+ Kg8 49. Nxd8 a5 $16) 46... Qe3+ 47. Kb1 {[%emt 0:00:22] White wants to mate with Ne6+.} Qd3+ 48. Qc2 {[%emt 0:00:30] Weighted Error Value: White=0.20 (precise) /Black=0.48} 1-0

[Event "LV Capablanca Memorial Premier 2022"]
[Site "La Habana"]
[Date "2022.04.28"]
[Round "9.4"]
[White "Kiolbasa, Oliwia"]
[Black "Bulmaga, Irina"]
[Result "1/2-1/2"]
[ECO "C92"]
[WhiteElo "2388"]
[BlackElo "2390"]
[Annotator "TA"]
[PlyCount "25"]
[EventDate "2022.04.20"]
[EventType "tourn"]
[EventCountry "CUB"]
[SourceTitle "playchess.com"]
[Source "ChessBase"]
[SourceQuality "1"]
[TimeControl "40/5400+30:1800+30"]

1. e4 e5 2. Nf3 Nc6 3. Bb5 a6 4. Ba4 Nf6 5. O-O Be7 6. Re1 b5 7. Bb3 O-O 8. c3 d6 9. h3 Re8 {[%emt 0:00:24] [#]} 10. Ng5 $146 ({Predecessor:} 10. d4 Bb7 11. Nbd2 Bf8 12. a4 h6 13. Bc2 Nb8 14. Bd3 Nbd7 15. axb5 exd4 16. cxd4 axb5 17. Rxa8 Qxa8 18. Bxb5 Bxe4 19. Nxe4 Rxe4 20. Be3 Nb6 21. Qc2 Re7 22. Bc6 {½-½ (50) So,W (2778)-Predke,A (2682) Berlin 2022}) 10... Rf8 11. Nf3 Re8 12. Ng5 {[%emt 0:01:43] 12.a3 is a critical line.} Rf8 13. Nf3 1/2-1/2

[Event "LV Capablanca Memorial Premier 2022"]
[Site "La Habana"]
[Date "2022.04.28"]
[Round "9.5"]
[White "Forgas Moreno, Yaniela"]
[Black "Hernandez Gil, Ineymig"]
[Result "1/2-1/2"]
[ECO "A03"]
[WhiteElo "2303"]
[BlackElo "2348"]
[Annotator "TA"]
[PlyCount "110"]
[EventDate "2022.04.20"]
[EventType "tourn"]
[EventCountry "CUB"]
[SourceTitle "playchess.com"]
[Source "ChessBase"]
[SourceQuality "1"]
[TimeControl "40/5400+30:1800+30"]

1. f4 d5 2. Nf3 Nf6 3. d3 e6 4. g3 b5 5. Bg2 Bb7 6. O-O {[%emt 0:01:53] A03: Bird's Opening with 1...d5.} Nbd7 7. Qe1 Bc5+ {[%emt 0:00:13] [#]} 8. d4 $146 {[%emt 0:00:26] Black has an edge.} ({Predecessor:} 8. e3 O-O 9. h3 a5 10. Nc3 b4 11. Nd1 a4 12. g4 b3 13. cxb3 axb3 14. a3 {1-0 (40) Vigus,J (2260)-Dearing,E (2295) Hampstead 1998}) 8... Be7 9. Ne5 c5 10. e3 O-O 11. Nd2 a5 12. Kh1 ({White should try} 12. a4 $15) 12... Qc7 13. c3 b4 14. a3 Rfc8 15. Nxd7 Qxd7 (15... Nxd7 16. e4 $17) 16. Nf3 Ne4 17. Ne5 Qc7 18. f5 f6 19. Ng4 h5 (19... bxc3 $19 20. bxc3 exf5 21. Rxf5 cxd4 22. exd4 Qxc3 23. Qxc3 Rxc3) 20. Nf2 $17 exf5 21. Nxe4 fxe4 22. Bh3 Rd8 23. axb4 cxb4 24. Bd2 Qb6 25. cxb4 (25. Rg1 $17 {was necessary.}) 25... axb4 $19 26. Rxa8 Rxa8 27. Qd1 g6 28. g4 (28. Kg1 $142) 28... hxg4 29. Bxg4 Kg7 30. Rg1 Rh8 31. Bf5 (31. Rg2 {is a better defense.}) 31... Rh6 $2 $40 {[%emt 0:01:01][%mdl 128] Black mounts an attack.} (31... g5 $1 $19 32. Be1 Bd6) 32. Qg4 $15 Qd6 33. h4 g5 34. Be1 $1 Qc7 35. h5 (35. Bd7 $11) 35... Bc6 (35... Bd6 $17 {Hoping for ...Ba6.} 36. Bf2 Rh8) 36. Bg3 Bd6 37. Bxd6 Qxd6 38. Bg6 {[%emt 0:00:13][%mdl 8192] Inhibits Be8.} (38. Ra1 $11 {and White has nothing to worry.} Qc7 39. Rc1) 38... Bd7 $19 39. Qg2 Qe7 {[%emt 0:00:43] White must now prevent ...Be8.} 40. Rc1 Be8 $2 (40... Rh8 $19 {Threatens to win with ...Rc8.} 41. Qf2 (41. Rc7 $2 Rc8 $19) 41... Bg4) 41. Qg3 $1 $11 Bd7 42. Rc7 Qe6 {[%emt 0:07:44] Against Bf5} 43. Kg2 $2 (43. Ra7 $11 {and White is okay.}) 43... Rh8 $1 $19 44. Kf2 Ra8 {[%emt 0:00:50] Prevents Ra7.} (44... Rc8 45. Rxc8 Bxc8 46. Qc7+ Qd7 47. Qc5 $19) (44... Kh6 $142 {Strongly threatening ...Ra8.} 45. Rc1 Ra8) 45. Kg2 $2 (45. Rb7 {nothing else works.} Rc8 46. Rc7) 45... Ra2 46. Be8 Rxb2+ 47. Kg1 {[%emt 0:00:40] [#]} Qa6 $1 48. Qe1 {[%emt 0:01:53] [#] Against Qa1} (48. Rxd7+ Kh8) 48... Qa2 $2 49. Bxd7 $11 {[%emt 0:00:29][%cal Oh5h6] h6+! is the strong threat. Really sharp! The position is equal.} ({Wrong is} 49. Rxd7+ $2 Kf8 50. Rd8 Rb1 51. Ba4+ Ke7 $19) 49... Rg2+ 50. Kf1 {[%emt 0:00:27] And now Bh3+ would win.} Rh2 51. Bf5+ Kh8 (51... Kg8 $5 52. Rc8+ (52. Be6+ Kh8 53. Rc8+ Kh7 54. Bf5+ Kh6 55. Rh8+ Kg7 56. Rh7+ Kg8 57. Be6+ Kxh7 58. Qg3 Rh1+) 52... Kg7 53. Rc7+ Kh8 54. Rc8+ Kg7 55. Rc7+ $11) 52. Rc8+ Kg7 53. Rc7+ Kh8 (53... Kg8 $5 54. Rc8+ (54. Be6+ {gets mated.} Kh8 55. Rc8+ Kh7 56. Bf5+ Kh6 57. Rh8+ Kg7 58. Rh7+ Kg8 59. Be6+ Kxh7 60. Qg3 Rh1+) 54... Kg7 55. Rc7+ $11) 54. Rc8+ Kg7 55. Rc7+ Kh8 {[%emt 0:01:10] And White is the lucky defender.  Weighted Error Value: White=0.65/Black=0.47} (55... Kg8 $5 56. Rc8+ (56. Be6+ {leads to mate.} Kh8 57. Rc8+ Kh7 58. Bf5+ Kh6 59. Rh8+ Kg7 60. Rh7+ Kg8 61. Be6+ Kxh7 62. Qg3 Rh1+) 56... Kg7 $11) 1/2-1/2